 Dungeon Crawl Stone Soup version 0.18-b1-22-ge198996 (webtiles) character file.

5351 Chiseanne the Destroyer (level 10, -17/63 HPs)
             Began as a Demonspawn Wizard on May 4, 2016.
             Was an Initiate of Gozag.
             Demolished by feelmyfire's ghost (24 damage)
             ... on level 8 of the Dungeon.
             The game lasted 00:25:08 (9479 turns).

Chiseanne the Destroyer (Demonspawn Wizard)         Turns: 9479, Time: 00:25:08

Health: -17/63     AC:  9    Str:  8    XL:     10   Next: 38%
Magic:  1/24       EV: 11    Int: 23    God:    Gozag
Gold:   431        SH:  0    Dex: 11    Spells: 5 memorised, 19 levels left

rFire  . . .     SeeInvis +     s - +3 quarterstaff (chaos)
rCold  . . .     Gourm    .     z - +0 leather armour
rNeg   . . .     Faith    .     (shield currently unavailable)
rPois  .         Spirit   .     q - +0 helmet
rElec  .         Dismiss  .     A - +1 cloak
rCorr  +         Reflect  .     m - +2 pair of gloves
SustAt .         Harm     .     (no boots)
MR     .....                    (no amulet)
Stlth  +.........               C - ring of resist corrosion
                                l - ring of see invisible

@: very slightly contaminated, hasted, very quick, not resistant to hostile
enchantments, very unstealthy
A: claws 1, spiny 2, rot immunity
a: Potion Petition, Call Merchant, Bribe Branch, Renounce Religion


You were on level 8 of the Dungeon.
You worshipped Gozag.
Gozag was noncommittal.
You were very full.

You visited 2 branches of the dungeon, and saw 9 of its levels.

You collected 1021 gold pieces.
You spent 79 gold pieces at shops.
You paid 511 gold pieces to Gozag.

Inventory:

Hand Weapons
 a - a +0 short sword of speed
 s - a +3 quarterstaff of chaos (weapon)
 w - a +1 hunting sling
Missiles
 b - 301 stones (quivered)
 e - 36 sling bullets
 f - 53 bolts
 p - 179 arrows
 r - 9 tomahawks
 v - 4 throwing nets
 x - 40 poisoned needles
 B - 5 javelins of penetration
Armour
 m - a +2 pair of gloves (worn)
 q - a +0 helmet (worn)
 z - a +0 leather armour (worn)
 A - a +1 cloak (worn)
Jewellery
 l - a ring of see invisible (left hand)
 C - a ring of resist corrosion (right hand)
 G - an uncursed ring of fire {unknown}
Wands
 j - a wand of digging (13/24)
 I - a wand of lightning (1/15)
 J - a wand of iceblast (5/15)
Scrolls
 o - 3 scrolls of remove curse
 t - a scroll of fog {unknown}
 u - 3 scrolls of amnesia
 D - 3 scrolls of blinking
 H - a scroll of teleportation {unknown}
 K - a scroll of fear {unknown}
Potions
 g - a potion of brilliance
 k - a potion of cure mutation
 n - 3 potions of curing
Books
 c - a book of Minor Magic

   Spells                             Type                      Level
   a - Magic Dart                     Conjuration                  1
   b - Blink                          Translocation                2
   c - Call Imp                       Summoning                    2
   d - Repel Missiles                 Charms/Air                   2
   e - Slow                           Hexes                        2
   f - Conjure Flame                  Conjuration/Fire             3
   g - Mephitic Cloud                 Conjuration/Poison/Air       3
 y - an Akashic Record

   Spells                             Type                      Level
   a - Dispersal                      Translocation                6
   b - Malign Gateway                 Summoning/Translocation      7
   c - Disjunction                    Translocation                8
   d - Controlled Blink               Translocation                8
Comestibles
 d - 9 bread rations
 h - 2 meat rations


   Skills:
 - Level 1.7 Dodging
 - Level 1.7 Stealth
 * Level 10.5 Spellcasting
 * Level 10.8 Conjurations
   Level 1.0 Summonings
 - Level 0.8 Translocations


You had 19 spell levels left.
You knew the following spells:

 Your Spells              Type           Power        Failure   Level  Hunger
a - Magic Dart            Conj           ####         1%          1    None
b - Blink                 Tloc           N/A          10%         2    None
c - Repel Missiles        Chrm/Air       ##....       14%         2    None
d - Mephitic Cloud        Conj/Pois/Air  ####....     8%          3    None
e - Conjure Flame         Conj/Fire      #####...     2%          3    None


Dungeon Overview and Level Annotations

Branches:
Dungeon (8/15)             Temple (1/1) D:4            Lair (0/8) D:8

Altars:
Ashenzari
Cheibriados
Dithmenos
Elyvilon
Fedhas
Gozag
Kikubaaqudgha
Makhleb
Nemelex Xobeh
Okawaru
Pakellas
Ru
Sif Muna
Trog
Yredelemnul
The Shining One

Shops:
D:4 (   D:8 =

Annotations:
D:5 Grinder; Prince Ribbit; eugo's ghost, novice MiFi
D:8 feelmyfire's ghost, novice MiFi


Innate Abilities, Weirdness & Mutations

You have sharp fingernails.
You are mostly covered in sharp spines.
You are immune to rotting.


Message History

Feelmyfire's ghost hits you.
You feel your power leaking away.
You are very lightly contaminated with residual magic.
You hit feelmyfire's ghost.
Feelmyfire's ghost is severely damaged.
Feelmyfire's ghost hits you!
You closely miss feelmyfire's ghost.
Feelmyfire's ghost is severely damaged.
You hit feelmyfire's ghost.
You heal feelmyfire's ghost.
Feelmyfire's ghost is severely damaged. x2
Feelmyfire's ghost is engulfed in roaring flames.
Feelmyfire's ghost hits you! Feelmyfire's ghost freezes you.
You closely miss feelmyfire's ghost.
Feelmyfire's ghost is severely damaged.
Feelmyfire's ghost is engulfed in roaring flames.
Feelmyfire's ghost hits you!
* * * LOW HITPOINT WARNING * * *
Space warps horribly around you!
You die...
Your body crumbles into a pile of gold.

### #.######### #...yW@...#
#.#######.# #ยง# #y#
.#########W#######+########
.y........$...##..........#####
#.......#....o##.o.....$.......
........'.....'$........$.######
#.......#....o##.........!.$....


You could see a killer bee and feelmyfire's ghost (invisible).

Vanquished Creatures
  Sigmund (D:2)
  9 yaks
  2 basilisks (D:8)
  2 steam dragons (D:8)
  A hippogriff (D:8)
  A porcupine (D:8)
  An orc warrior (D:8)
  3 sky beasts
  2 ogres (D:7)
  3 centaurs
  2 crocodiles (D:8)
  4 giant frogs
  6 scorpions
  16 killer bees
  3 wights (D:7)
  2 howler monkeys (D:8)
  A crimson imp (D:7)
  4 hounds
  3 orc priests (D:3)
  A centaur skeleton (D:6)
  Terence (D:3)
  Crazy Yiuf (D:3)
  Natasha (D:3)
  3 iguanas
  3 orc wizards
  7 worker ants
  2 hound zombies
  A worker ant zombie (D:5)
  4 river rats (D:8)
  11 adders
  4 oozes
  An adder zombie (D:4)
  An adder skeleton (D:7)
  3 worms
  A dart slug (D:3)
  5 giant geckos
  18 orcs
  A ball python (D:3)
  A bat zombie (D:7)
  2 giant cockroaches
  4 goblins
  15 hobgoblins
  2 jackals (D:2)
  2 quokkas
  9 bats
  6 giant newts
  A jackal skeleton (D:6)
  12 kobolds
  11 rats
  A rat zombie (D:7)
201 creatures vanquished.

Vanquished Creatures (others)
  An eye of draining (D:7)
  A fungus (D:8)
  6 plants (D:8)
8 creatures vanquished.

Grand Total: 209 creatures vanquished

Notes
Turn   | Place    | Note
--------------------------------------------------------------
     0 | D:1      | Chiseanne the Demonspawn Wizard began the quest for the Orb.
     0 | D:1      | Reached XP level 1. HP: 13/13 MP: 4/4
   335 | D:1      | Gained mutation: You are partially covered in sharp spines. [demonic ancestry]
   335 | D:1      | Reached XP level 2. HP: 19/19 MP: 4/6
  1136 | D:1      | Learned a level 2 spell: Blink
  1139 | D:1      | Learned a level 2 spell: Repel Missiles
  1229 | D:2      | Reached XP level 3. HP: 24/24 MP: 8/8
  1280 | D:2      | Noticed Sigmund
  1288 | D:2      | Learned a level 3 spell: Mephitic Cloud
  1356 | D:2      | Reached XP level 4. HP: 20/30 MP: 3/10
  1714 | D:2      | Found a bloodstained altar of Trog.
  2272 | D:2      | Killed Sigmund
  2272 | D:2      | Reached XP level 5. HP: 12/35 MP: 2/12
  2612 | D:3      | Reached skill level 5 in Spellcasting
  2612 | D:3      | Gained mutation: You are mostly covered in sharp spines. [demonic ancestry]
  2612 | D:3      | Reached XP level 6. HP: 41/41 MP: 8/13
  2684 | D:3      | Noticed Terence
  2702 | D:3      | Killed Terence
  2743 | D:3      | Noticed Natasha
  2754 | D:3      | Killed Natasha
  3333 | D:3      | Noticed Crazy Yiuf
  3337 | D:3      | Killed Crazy Yiuf
  3928 | D:4      | Reached skill level 5 in Conjurations
  3980 | D:4      | Found Leapnon's Weapon Shoppe.
  3984 | D:4      | Bought a +0 hunting sling for 16 gold pieces
  3998 | D:4      | Learned a level 3 spell: Conjure Flame
  4030 | D:4      | Gained mutation: You are immune to rotting. [demonic ancestry]
  4030 | D:4      | Reached XP level 7. HP: 27/46 MP: 15/15
  4201 | D:4      | Found a staircase to the Ecumenical Temple.
  4269 | Temple   | Entered the Ecumenical Temple
  4627 | D:5      | Entered Level 5 of the Dungeon
  4917 | D:5      | Noticed Prince Ribbit
  4920 | D:5      | Noticed Grinder
  4920 | D:5      | Noticed eugo's ghost (novice MiFi)
  5337 | D:5      | Reached XP level 8. HP: 39/52 MP: 18/18
  6131 | D:6      | Found an opulent altar of Gozag.
  6154 | D:6      | Became a worshipper of Gozag Ym Sagoz the Greedy
  6884 | D:7      | Gained mutation: You have sharp fingernails. [demonic ancestry]
  6884 | D:7      | Reached XP level 9. HP: 18/57 MP: 21/21
  7297 | D:7      | Found a glowing golden altar of the Shining One.
  7334 | D:7      | Found a glowing golden altar of the Shining One.
  7490 | D:7      | Found an ancient bone altar of Kikubaaqudgha.
  8138 | D:8      | Reached skill level 10 in Conjurations
  8248 | D:8      | Reached skill level 10 in Spellcasting
  8248 | D:8      | Reached XP level 10. HP: 21/63 MP: 16/24
  8783 | D:8      | Found a staircase to the Lair.
  9029 | D:8      | Bought a cursed ring of teleportation for 63 gold pieces
  9454 | D:8      | Noticed feelmyfire's ghost (novice MiFi)
  9479 | D:8      | Demolished by feelmyfire's ghost

Skill      XL: |  1  2  3  4  5  6  7  8  9 |
---------------+----------------------------+-----
Conjurations   | 2 4 5 6 8 10 | 10.8
Spellcasting   | 4 5 6 8 10 | 10.5
Dodging        | |  1.7
Stealth        | |  1.7
Summonings     | |  1.0
Translocations | |  0.8

Action                   |  1- 3 |  4- 6 |  7- 9 | 10-12 || total
-------------------------+-------+-------+-------+-------++-------
Melee: Dagger            |    60 |    70 |       |       ||   130
       Short sword       |       |    26 |    46 |       ||    72
       Quarterstaff      |       |    20 |   119 |    37 ||   176
 Fire: Hunting sling     |       |       |     5 |       ||     5
 Cast: Magic Dart        |    20 |    19 |    73 |    53 ||   165
       Repel Missiles    |     1 |     1 |     1 |       ||     3
       Mephitic Cloud    |     1 |     7 |     8 |     3 ||    19
       Conjure Flame     |       |       |     6 |     3 ||     9
       Blink             |       |       |     3 |     2 ||     5
Invok: Call Merchant     |       |       |       |     1 ||     1
Evoke: Wand              |       |       |       |     3 ||     3
  Use: Scroll            |     4 |     3 |     8 |       ||    15
       Potion            |     1 |       |     1 |     3 ||     5
 Stab: Sleeping          |       |     7 |     5 |       ||    12
       Confused          |       |     4 |     1 |       ||     5
       Paralysed         |       |       |     3 |       ||     3
       Petrified         |       |       |     2 |       ||     2
       Invisible         |       |       |       |     1 ||     1
  Eat: Chunk             |     1 |     9 |     7 |       ||    17
       Fruit             |       |       |     9 |       ||     9
       Beef jerky        |       |       |       |     6 ||     6
Armor: Robe              |    11 |     5 |       |       ||    16
       Skin              |    19 |       |       |       ||    19
       Leather armour    |       |     9 |    54 |    19 ||    82
Dodge: Dodged            |    37 |    34 |    75 |    26 ||   172
       Deflected         |     1 |     1 |     1 |     3 ||     6
